 Dungeon Crawl Stone Soup version 0.17.0-57-g0e89251 (webtiles) character file.

19288 HEYYEYAAE the Transmogrifier (level 12, 0/102 HPs)
             Began as a Spriggan Transmuter on Dec 7, 2015.
             Was an Elder of Okawaru.
             Succumbed to a water moccasin's poison
             ... on level 3 of the Lair of Beasts.
             The game lasted 00:56:24 (17047 turns).

HEYYEYAAE the Transmogrifier (Spriggan Transmuter) Turns: 17047, Time: 00:56:24

Health: 0/102      AC: 26    Str: 14    XL:     12   Next: 35%
Magic:  20/23      EV:  4    Int: 14    God:    Okawaru [****..]
Gold:   426        SH:  0    Dex: 23    Spells: 9 memorised, 3 levels left

rFire  . . .     SeeInvis +     h - +2 dagger (venom)
rCold  . . .     Clarity  .     (armour currently unavailable)
rNeg   + + +     SustAt   .     (shield restricted)
rPois  +         Gourm    .     (helmet currently unavailable)
rElec  .         Spirit   .     (cloak currently unavailable)
rCorr  .         Warding  .     (gloves unavailable)
rMut   .         NoTele   +     (boots unavailable)
MR     ++...                    (no amulet)
Stlth  ++........               F - ring "Ifiripli" {+Inv Str+4 Stlth-}
                                l - +5 ring of evasion

@: agile, lethally poisoned (0 -> -2), exhausted, tree-form, very slightly
contaminated, slowed, very slow, very resistant to hostile enchantments,
unstealthy
A: unfitting armour, (thin metallic scales 0), see invisible, herbivore 3,
(speed 0), slow metabolism 2
a: Heroism, Renounce Religion, Evoke Invisibility


You were on level 3 of the Lair of Beasts.
You worshipped Okawaru.
Okawaru was greatly pleased with you.
You were not hungry.
You were a tree.
You visited 4 branches of the dungeon, and saw 16 of its levels.
You also visited: Labyrinth, Ossuary and Volcano.

You collected 1251 gold pieces.
You spent 825 gold pieces at shops.

Inventory:

Hand Weapons
 h - a +2 dagger of venom (weapon)
 n - a +3 quarterstaff
Missiles
 a - an arrow
Armour
 y - a +0 robe of fire resistance (melded)
 R - a troll hide
Jewellery
 g - an uncursed ring of magical power
 l - a +5 ring of evasion (left branch)
 v - an uncursed ring of protection from fire
 x - an uncursed ring of protection from magic
 B - the ring "Jejacreu" {rN++ Int+3}
   (You found it in a labyrinth)

   [ring of intelligence]

   It affects your intelligence (+3).
   It greatly protects you from negative energy.
 D - an uncursed ring of protection from magic
 F - the ring "Ifiripli" (right branch) {+Inv Str+4 Stlth-}
   (You took it off a minotaur in a labyrinth)

   [ring of loudness]

   It affects your strength (+4).
   It lets you turn invisible.
   It makes you less stealthy.
 M - an uncursed ring of flight
Wands
 A - a wand of digging (17)
 G - a wand of draining (4)
Scrolls
 f - 2 scrolls of teleportation
 i - 2 scrolls of immolation
 j - 2 scrolls of enchant weapon
 k - 5 scrolls of recharging
 q - 2 scrolls of fog
 s - a scroll of identify
 E - 5 scrolls of remove curse
 I - 4 scrolls of amnesia
 Q - 2 scrolls of enchant armour
Potions
 c - 2 potions of berserk rage
 e - 2 potions of might
 m - a potion of mutation
 o - a potion of lignification
 p - a potion of cancellation
 r - 4 potions of brilliance
 z - a potion of poison {unknown}
 H - 2 potions of magic
 J - 3 potions of cure mutation
 L - a potion of curing {unknown}
Books
 u - a book of Necromancy

   Spells                             Type                      Level
   a - Pain                           Necromancy                   1
   b - Animate Skeleton               Necromancy                   1
   c - Vampiric Draining              Necromancy                   3
   d - Regeneration                   Charms/Necromancy            3
   e - Animate Dead                   Necromancy                   4
   f - Control Undead                 Necromancy                   4


   Skills:
 * Level 10.5 Fighting
 + Level 2.4 Armour
 + Level 9.0 Dodging
 + Level 8.1 Unarmed Combat
 + Level 7.2 Spellcasting
 + Level 3.6 Charms
 * Level 11.5 Transmutations
 * Level 4.0 Air Magic
 + Level 7.4 Evocations


You had 3 spell levels left.
You knew the following spells:

 Your Spells              Type           Power        Failure   Level  Hunger
a - Beastly Appendage     Trmt           #####.       1%          1    None
b - Sticks to Snakes      Trmt           #####.....   1%          2    None
c - Spider Form           Trmt/Pois      ###.......   4%          3    ##.....
d - Blade Hands           Trmt           #####.....   4%          5    #####..
e - Infusion              Chrm           ###...       3%          1    None
f - Mephitic Cloud        Conj/Pois/Air  #.......     24%         3    ##.....
g - Blink                 Tloc           N/A          24%         2    None
h - Repel Missiles        Chrm/Air       ###...       4%          2    None
i - Regeneration          Chrm/Necr      ##........   21%         3    ##.....


Dungeon Overview and Level Annotations

Branches:
Dungeon (9/15)             Temple (1/1) D:4            Lair (4/8) D:9
    Orc (2/4) D:9
  Swamp: Lair:3-6    Shoals: Lair:3-6     Snake: Lair:3-6    Spider: Lair:3-6

Altars:
Ashenzari
Cheibriados
Dithmenos
Elyvilon
Fedhas
Gozag
Kikubaaqudgha
Makhleb
Nemelex Xobeh
Okawaru
Qazlal
Ru
Sif Muna
Trog
Vehumet
Xom
Yredelemnul
Zin
The Shining One
Beogh

Shops:
D:6 =

Annotations:
Orc:1 Uberwunderbarhen's ghost, journeyman OpFi


Innate Abilities, Weirdness & Mutations

You are tiny and cannot use many weapons and most armour.
You have supernaturally acute eyesight.
You are a herbivore.
((You cover ground extremely quickly.))
You need consume almost no food.
((You are partially covered in thin metallic scales (AC +2).))


Message History

You are exhausted.
You feel yourself slow down.
* * * LOW HITPOINT WARNING * * *
You feel sick.
Drink which item? (? for menu, Esc to quit)
Your hands revert to their normal proportions.
Your +2 dagger of venom unmelds from your body.
It begins to drip with poison!
You turn into a tree.
Your +0 robe of fire resistance melds into your body.
You feel less resistant to fire.
Your roots penetrate the ground.
* * * LOW HITPOINT WARNING * * *
You feel sick.
Drink which item? (? for menu, Esc to quit)
Okay, then.
Unknown command.
Unknown command.
Drink which item? (? for menu, Esc to quit)
It was a potion of agility.
You feel agile all of a sudden.
You die...

..## #......... ...#
...#P# ##......... ...#
....... #.......... ...#
...[...# #........< ...##
#......>.. ###..#......
....# ##........##
##.....# ...## ..........#
#.#l.###
...#####.........####..S.#
†.##...P........♣.# #..#.#
†##.#.............###..###
.†....(................#
.....###..#..#....##...#
#P.#.# ##..#.#...#.###...#
###### #####...#.##
#...... #..#### ##......
#.## #####. ###


There were no monsters in sight!

Vanquished Creatures
  A minotaur (Lab)
  An ogre mage (Volcano)
  The ghost of JokEr the Severer, a novice MiBe of Trog (Lair:1)
  A hill giant (Volcano)
  Pikel (D:9)
  The ghost of Ijustatesigmund the Nimble, a novice DEWz of Vehumet (D:8)
  An orc sorcerer (Orc:2)
  Maurice (D:9)
  A black mamba (Lair:4)
  A spiny frog (Lair:3)
  A torpor snail (Lair:3)
  A komodo dragon (Lair:1)
  2 trolls
  Prince Ribbit (D:8)
  3 two-headed ogres
  A trapdoor spider (Lab)
  2 hippogriffs (D:9)
  3 fire bats (Lair:4)
  16 yaks
  3 hungry ghosts
  2 basilisks (Lab)
  3 water moccasins
  A porcupine (Lair:3)
  3 ice beasts
  8 orc warriors
  2 slaves (D:9)
  An eye of draining (D:9)
  2 black bears
  3 sky beasts
  A necrophage (D:9)
  2 phantoms (D:8)
  A spider (Lair:3)
  A big kobold (D:8)
  3 centaurs
  5 ogres
  A crocodile (D:8)
  8 giant frogs
  A gnoll sergeant (D:5)
  A water moccasin zombie (Ossuary)
  3 scorpions
  An electric eel (Lair:2)
  3 giant frog zombies (Ossuary)
  6 centaur zombies
  5 bog bodies (Ossuary)
  2 crimson imps
  2 quasits
  2 gnoll shamans
  18 orc wizards
  14 orc priests
  3 hounds
  6 iguanas
  6 worker ants
  A killer bee zombie (Ossuary)
  2 hound zombies (D:9)
  2 hound skeletons
  10 mummies (Ossuary)
  3 worker ant zombies
  11 adders
  12 gnolls
  An ooze (D:4)
  4 adder zombies
  2 adder skeletons
  4 giant geckos
  70 orcs
  2 ball pythons
  7 giant cockroaches
  8 hobgoblins
  9 jackals
  8 bats
  2 giant gecko skeletons
  3 giant newts
  2 goblins (D:1)
  A jackal zombie (Ossuary)
  6 kobolds
  5 quokkas
  8 rats
346 creatures vanquished.

Vanquished Creatures (collateral kills)
  A two-headed ogre (Volcano)
  A sky beast (D:7)
  A black bear (D:7)
  2 ogres
  5 killer bees (D:8)
  3 orc priests
  A giant frog zombie (D:7)
  A giant frog skeleton (D:5)
  A worker ant (D:7)
  2 mummies (Ossuary)
  2 gnolls (D:7)
  2 adders
  An adder zombie (Ossuary)
  10 orcs
  2 jackals (D:8)
  A bat (D:2)
  2 giant newts
38 creatures vanquished.

Vanquished Creatures (others)
  A worker ant (D:9)
  4 orcs
  7 plants
12 creatures vanquished.

Grand Total: 396 creatures vanquished

Notes
Turn   | Place    | Note
--------------------------------------------------------------
     0 | D:1      | HEYYEYAAE the Spriggan Transmuter began the quest for the Orb.
     0 | D:1      | Reached XP level 1. HP: 9/9 MP: 5/5
   115 | D:1      | Reached skill level 1 in Fighting
   736 | D:1      | Reached XP level 2. HP: 14/14 MP: 4/6
   740 | D:1      | Learned a level 2 spell: Sticks to Snakes
  1523 | D:2      | Reached XP level 3. HP: 15/18 MP: 1/8
  1528 | D:2      | Learned a level 3 spell: Spider Form
  2604 | D:3      | Reached skill level 4 in Dodging
  2749 | D:3      | Reached XP level 4. HP: 22/22 MP: 9/9
  3040 | D:3      | Found a deep blue altar of Sif Muna.
  3048 | D:3      | Found a radiant altar of Vehumet.
  3048 | D:3      | Found an ancient bone altar of Kikubaaqudgha.
  3053 | D:3      | Identified Sif Muna's Volume of Boosts
  3060 | D:3      | Identified Kikubaaqudgha's Grimoire of Evil Arts
  3069 | D:3      | Identified Vehumet's Volume of Attacks
  3073 | D:3      | Learned a level 1 spell: Infusion
  3151 | D:4      | Got a brightly glowing dagger
  3162 | D:4      | Identified the cursed +1 dagger of Zoovaepe {pierce, Str+4 Int+3} (You found it on level 4 of the Dungeon)
  3256 | D:4      | Noticed an ogre
  3441 | D:4      | Killed an ogre
  3441 | D:4      | Reached XP level 5. HP: 20/26 MP: 10/10
  3595 | D:4      | Reached skill level 1 in Evocations
  3674 | D:4      | Reached skill level 5 in Transmutations
  3674 | D:4      | Reached XP level 6. HP: 7/32 MP: 4/12
  3979 | D:4      | Learned a level 5 spell: Blade Hands
  4073 | D:4      | Found a staircase to the Ecumenical Temple.
  4153 | Temple   | Entered the Ecumenical Temple
  4753 | D:5      | Entered Level 5 of the Dungeon
  4989 | D:5      | Reached skill level 5 in Dodging
  5154 | D:5      | Found an opulent altar of Gozag.
  5155 | D:5      | Found a bloodstained altar of Trog.
  5722 | D:5      | Reached XP level 7. HP: 36/36 MP: 13/13
  6131 | D:5      | Reached skill level 6 in Transmutations
  6497 | D:6      | Reached XP level 8. HP: 31/42 MP: 15/15
  6541 | D:6      | Reached skill level 7 in Transmutations
  7125 | D:6      | Found a snail-covered altar of Cheibriados.
  7313 | D:6      | Found Teraor's Jewellery Shoppe.
  7326 | D:6      | Reached skill level 5 in Spellcasting
  7490 | D:6      | Reached skill level 8 in Transmutations
  7577 | D:7      | Reached skill level 5 in Fighting
  7605 | D:7      | Reached skill level 5 in Evocations
  7605 | D:7      | Reached XP level 9. HP: 38/47 MP: 17/17
  7606 | D:7      | Reached skill level 9 in Fighting
  7606 | D:7      | Reached XP level 10. HP: 41/58 MP: 18/18
  8049 | D:7      | Found a sand-covered staircase.
  8054 | Ossuary  | Entered an ossuary
  9066 | D:7      | Found a shimmering altar of Xom.
 10107 | D:8      | Noticed Prince Ribbit
 10153 | D:8      | Killed Prince Ribbit
 10747 | D:8      | Noticed Ijustatesigmund's ghost (novice DEWz)
 10760 | D:8      | Killed Ijustatesigmund's ghost
 10892 | D:8      | Reached XP level 11. HP: 57/63 MP: 14/21
 11296 | D:9      | Learned a level 3 spell: Mephitic Cloud
 11326 | D:9      | Reached skill level 10 in Fighting
 11567 | D:9      | Noticed Maurice
 11591 | D:9      | Killed Maurice
 11641 | D:9      | Reached skill level 1 in Air Magic
 11762 | D:9      | Reached skill level 1 in Charms
 11836 | D:9      | Noticed Pikel
 12134 | D:8      | Learned a level 2 spell: Blink
 12137 | D:8      | Learned a level 2 spell: Repel Missiles
 12199 | D:9      | Found a staircase to the Orcish Mines.
 12209 | D:9      | Found a roughly hewn altar of Beogh.
 12223 | D:9      | Reached skill level 10 in Transmutations
 12296 | D:9      | Found a sacrificial altar of Ru.
 12297 | D:9      | Found an iron altar of Okawaru.
 12297 | D:9      | Found a glowing golden altar of the Shining One.
 12297 | D:9      | Found a blossoming altar of Fedhas.
 12301 | D:9      | Found a white marble altar of Elyvilon.
 12301 | D:9      | Found a glowing silver altar of Zin.
 12333 | D:9      | Became a worshipper of Warmaster Okawaru
 12370 | D:9      | Found a staircase to the Lair.
 12485 | D:9      | Killed Pikel
 12707 | Orc:1    | Entered Level 1 of the Orcish Mines
 13080 | Orc:1    | Reached skill level 1 in Armour
 13464 | Orc:2    | Reached * piety under Okawaru
 14171 | Orc:1    | Found a roughly hewn altar of Beogh.
 14171 | Orc:1    | Noticed Uberwunderbarhen's ghost (journeyman OpFi)
 14206 | Orc:1    | Gained mutation: You are partially covered in thin metallic scales (AC +2). [potion of beneficial mutation]
 14691 | D:6      | Bought a +5 ring of evasion for 825 gold pieces
 14957 | Lair:1   | Entered Level 1 of the Lair of Beasts
 15017 | Lair:1   | Reached ** piety under Okawaru
 15060 | Lair:1   | Noticed JokEr's ghost (novice MiBe)
 15079 | Lair:1   | Killed JokEr's ghost
 15348 | Lair:1   | Reached *** piety under Okawaru
 15786 | Lair:2   | Noticed an eight-headed hydra
 15890 | Lair:3   | Found a labyrinth entrance.
 15942 | Lab      | Entered a labyrinth
 16055 | Lab      | Reached skill level 11 in Transmutations
 16062 | Lab      | Got a shimmering bone ring
 16297 | Lab      | Noticed a minotaur
 16325 | Lab      | Killed a minotaur
 16325 | Lab      | Reached XP level 12. HP: 34/68 MP: 4/23
 16327 | Lab      | Got a clouded iron ring
 16586 | Lair:4   | Found a dark tunnel.
 16613 | Lair:4   | Identified the ring "Jejacreu" {rN++ Int+3} (You found it in a labyrinth)
 16615 | Lair:4   | Identified the ring "Ifiripli" {+Inv Str+4 Stlth-} (You took it off a minotaur in a labyrinth)
 16620 | Volcano  | Entered a volcano
 16686 | Volcano  | Reached **** piety under Okawaru
 16690 | Volcano  | Noticed an ogre mage
 16720 | Volcano  | Killed an ogre mage
 16739 | Volcano  | Found a bloodstained altar of Trog.
 16833 | Lair:4   | Learned a level 3 spell: Regeneration
 16845 | Lair:4   | Noticed a six-headed hydra
 17039 | Lair:3   | HP: 3/68 [poisoned by a water moccasin]
 17045 | Lair:3   | HP: 1/68 [poisoned by a water moccasin]
 17047 | Lair:3   | Succumbed to a water moccasin's poison

Action                   |  1- 3 |  4- 6 |  7- 9 | 10-12 || total
-------------------------+-------+-------+-------+-------++-------
Melee: Unarmed           |    89 |    77 |   125 |   575 ||   866
       Hand axe          |    38 |    22 |       |       ||    60
       Dagger            |       |    41 |       |    44 ||    85
       Mace              |       |     6 |    58 |   174 ||   238
 Cast: Beastly Appendage |    16 |     1 |       |       ||    17
       Sticks to Snakes  |     4 |    13 |     1 |    90 ||   108
       Spider Form       |       |    10 |    13 |    12 ||    35
       Blade Hands       |       |       |     1 |    44 ||    45
       Infusion          |       |       |       |     4 ||     4
       Mephitic Cloud    |       |       |       |     1 ||     1
Invok: Heroism           |       |       |       |     3 ||     3
 Abil: Evoke Invisibilit |       |     1 |     1 |     8 ||    10
       End Transformatio |       |       |       |     1 ||     1
Evoke: Wand              |       |       |     7 |    13 ||    20
  Use: Scroll            |       |     7 |     7 |    14 ||    28
       Potion            |       |     1 |     4 |    10 ||    15
 Stab: Sleeping          |     2 |     2 |     2 |     1 ||     7
       Invisible         |       |     8 |       |    23 ||    31
       Distracted        |       |     1 |       |     2 ||     3
       Confused          |       |       |       |     2 ||     2
  Eat: Bread ration      |       |     1 |     1 |     4 ||     6
       Pizza             |       |       |       |     3 ||     3
       Fruit             |       |       |       |     7 ||     7
